Demolitions vs River Frogs
Created - November 30, 2020 at 19:21
Goals
|
| Demolitions |
0 |
3 |
2 |
5 |
| River Frogs |
1 |
0 |
2 |
3 |
|
Shots
|
| Demolitions |
17 |
13 |
11 |
41 |
| River Frogs |
8 |
11 |
11 |
30 |
|
1st period
1. River Frogs , Shea Theodore 3 (Emerson Etem 10) at 0:51
Penalties :
Juuso Riikola (Vic) for Tripping (Minor) at 12:01
2nd period
2. Demolitions , J.T. Brown 11 (Daultan Leveillé 12) at 1:08
3. Demolitions , Taylor Beck 13 (J.T. Brown 14, Daultan Leveillé 13) at 18:21
4. Demolitions , Joshua Leivo 9 (Andrej Nestrasil 12) at 19:09
Penalties :
Michael Ferland (Vic) for Holding (Minor) at 12:55, Bobby Farnham (Lou) for Roughing (Minor) at 19:29
3rd period
5. River Frogs , Emerson Etem 16 (Bobby Farnham 3) at 3:43
6. River Frogs , Justin Florek 9 (Dominik Simon 12, Shea Theodore 7) at 14:12
7. Demolitions , Daultan Leveillé 3 (Taylor Beck 12, J.T. Brown 15) at 14:22
8. Demolitions , Daultan Leveillé 4 (J.T. Brown 16) at 19:16 (Empty Net)
Penalties :
No Penalty
Goalie Stats
Brandon Halverson (Vic), 27 saves from 30 shots - (0.900), W, 5-1-1, 60:00 minutes
Thomas Greiss (Lou), 36 saves from 40 shots - (0.900), L, 8-8-0, 59:36 minutes
Players Stats for Demolitions
Player Name G A P +/- PIM S H SB GA TA FO MP PP MP PK MP
------------------------------------------------------------------------------------
Aaron Haydon 0 0 0 4 0 0 3 0 0 2 0/0 19:04 0:39 1:22
Alex Hutchings 0 0 0 -1 0 3 0 0 0 0 0/0 6:35 0:00 0:51
Andrej Nestrasil 0 1 1 1 0 1 1 1 0 0 3/4 11:26 0:00 0:00
Brandon Saad 0 0 0 -2 0 5 4 0 2 1 0/1 15:48 0:45 0:57
Christoph Bertschy 0 0 0 -1 0 2 2 1 0 0 0/0 10:25 0:00 0:12
Colton Gillies 0 0 0 0 0 0 0 0 0 0 1/1 2:19 0:00 0:00
Daultan Leveillé 2 2 4 3 0 8 3 1 0 0 17/29 24:02 1:14 2:10
J.T. Brown 1 3 4 3 0 4 3 0 1 1 0/0 21:52 1:14 0:57
Jaedon Descheneau 0 0 0 0 0 0 0 0 0 0 0/0 0:00 0:00 0:00
Jared Staal 0 0 0 1 0 3 1 0 0 0 1/1 11:26 0:00 0:00
Joel Vermin 0 0 0 -2 0 2 2 0 1 0 0/0 14:49 0:45 0:00
Joshua Leivo 1 0 1 1 0 1 1 0 0 0 0/0 11:26 0:00 0:00
Juuso Riikola 0 0 0 0 2 2 1 2 0 1 0/0 30:36 1:20 1:09
Michael Ferland 0 0 0 0 2 1 4 0 0 0 0/0 8:01 0:00 0:00
Michael Prapavessis 0 0 0 3 0 0 2 1 0 1 0/0 22:28 0:39 2:04
Mitch Callahan 0 0 0 0 0 0 3 0 0 0 0/0 7:29 0:00 0:00
Phil McRae 0 0 0 -2 0 4 4 0 0 1 4/11 14:49 0:45 0:00
Taylor Aronson 0 0 0 -1 0 2 2 1 0 1 0/0 30:39 1:20 2:21
Taylor Beck 1 1 2 3 0 3 3 1 1 0 2/3 24:48 1:14 2:10
Taylor Leier 0 0 0 0 0 0 0 0 0 0 0/0 0:00 0:00 0:00
Thomas DiPauli 0 0 0 0 0 0 0 0 0 0 0/0 0:09 0:00 0:09
Tommy Vannelli 0 0 0 0 0 0 0 0 0 1 0/0 6:37 0:00 0:48
Tyler Graovac 0 0 0 0 0 0 0 0 0 0 0/0 1:12 0:00 0:42
Players Stats for River Frogs
Player Name G A P +/- PIM S H SB GA TA FO MP PP MP PK MP
------------------------------------------------------------------------------------
Aaron Ness 0 0 0 -1 0 0 4 0 1 0 0/0 19:22 1:53 0:38
Austin Watson 0 0 0 1 0 0 0 0 0 0 0/0 5:59 0:00 0:00
Beau Starrett 0 0 0 0 0 0 0 0 0 0 0/0 0:00 0:00 0:00
Bobby Farnham 0 1 1 -2 2 3 3 0 0 1 0/1 22:20 2:02 0:00
Christian Hanson 0 0 0 -2 0 3 2 1 0 0 8/20 23:40 2:02 1:19
David Kolomatis 0 0 0 -1 0 1 1 1 1 2 0/0 19:22 1:53 0:38
Dillon Heatherington 0 0 0 0 0 0 2 2 0 0 0/0 12:35 0:00 0:00
Dominik Simon 0 1 1 -2 0 1 1 0 0 0 10/21 17:10 1:56 0:00
Emerson Etem 1 1 2 -1 0 7 2 0 4 0 1/3 27:01 1:52 1:19
Francis Perron 0 0 0 0 0 0 0 0 0 0 0/0 1:06 0:00 0:23
Jared Knight 0 0 0 1 0 1 1 0 0 0 0/1 11:48 0:00 0:00
Joakim Nordstrom 0 0 0 0 0 0 1 0 0 0 0/1 3:44 0:10 0:23
Justin Florek 1 0 1 1 0 3 1 0 0 0 1/1 12:05 0:00 0:17
Matt Calvert 0 0 0 -2 0 2 1 0 0 1 0/0 17:27 1:56 0:17
Matt Grzelcyk 0 0 0 0 0 1 1 0 0 1 0/0 12:35 0:00 0:00
Maxim Mamin 0 0 0 0 0 0 0 0 0 0 0/0 0:43 0:00 0:00
Mitch Marner 0 0 0 -2 0 1 3 0 0 0 0/0 17:10 1:56 0:00
Nikita Zadorov 0 0 0 -1 0 3 2 1 2 0 0/0 28:03 2:05 1:21
Richard Nejezchleb 0 0 0 1 0 1 0 0 0 0 0/0 11:48 0:00 0:00
Ryan Fitzgerald 0 0 0 1 0 0 1 0 0 0 2/2 5:59 0:00 0:00
Shea Theodore 1 1 2 -1 0 3 4 0 1 0 0/0 28:03 2:05 1:21
3 Stars
1 - Daultan Leveillé (Vic)
2 - J.T. Brown (Vic)
3 - Taylor Beck (Vic)
Power Play
Demolitions - 0 on 1 Attempt(s) - 0.00%
River Frogs - 0 on 2 Attempt(s) - 0.00%
Penalty Kill
Demolitions - 2 on 2 Attempt(s) - 100.00%
- Score 0 goal in Penalty Kill
River Frogs - 1 on 1 Attempt(s) - 100.00%
- Score 0 goal in Penalty Kill
Team Stat
Demolitions - Hits : 39 - Faceoff Wins : 28 - Blocked Shots : 8 - Penalty Minutes : 4
River Frogs - Hits : 30 - Faceoff Wins : 22 - Blocked Shots : 5 - Penalty Minutes : 2
Official
Referees : Unknown
Linesman : Unknown
Game Notes
Tommy Vannelli is injured at 14:07 of 1st period (Right Hand)
Daultan Leveillé has scored in a empty net!
Finance
Level 1 -- Attendance: 1298 (64.90%) -- Ticket Income $51,920
Level 2 -- Attendance: 642 (64.20%) -- Ticket Income $12,840
Total Attendance: 1940 (64.67%)
Total Ticket Income: $64,760
Other Income: $3,238
Total Income: $67,998
Demolitions
5 vs 5 Forward
Center Left Wing Right Wing Time % Phy DF OF
1 Daultan Leveillé Taylor Beck J.T. Brown 40 1 2 2
2 Phil McRae Brandon Saad Joel Vermin 30 1 2 2
3 Andrej Nestrasil Joshua Leivo Jared Staal 20 1 2 2
4 Christoph Bertschy Michael Ferland Mitch Callahan 10 1 2 2
5 vs 5 Defense
Defense Defense Time % Phy DF OF
1 Juuso Riikola Taylor Aronson 40 1 2 2
2 Tommy Vannelli Michael Prapavessis 30 1 2 2
3 Aaron Haydon Juuso Riikola 20 1 2 2
4 Taylor Aronson Tommy Vannelli 10 1 2 2
PowerPlay Forward
Center Left Wing Right Wing Time % Phy DF OF
1 Daultan Leveillé Taylor Beck J.T. Brown 60 1 2 2
2 Phil McRae Brandon Saad Joel Vermin 40 1 2 2
PowerPlay Defense
Defense Defense Time % Phy DF OF
1 Juuso Riikola Taylor Aronson 60 1 2 2
2 Tommy Vannelli Michael Prapavessis 40 1 2 2
Penalty Kill 4 Players Forward
Center Wing Time % Phy DF OF
1 Taylor Beck Daultan Leveillé 60 1 2 2
2 Brandon Saad J.T. Brown 40 1 2 2
Penalty Kill 4 Players Defense
Defense Defense Time % Phy DF OF
1 Juuso Riikola Taylor Aronson 60 1 2 2
2 Tommy Vannelli Michael Prapavessis 40 1 2 2
Penalty Kill - 3 Players Forward
Forward Time % Phy DF OF
1 Taylor Beck 60 1 2 2
2 Daultan Leveillé 40 1 2 2
Penalty Kill - 3 Players Defense
Defense Defense Time % Phy DF OF
1 Juuso Riikola Taylor Aronson 60 1 2 2
2 Tommy Vannelli Michael Prapavessis 40 1 2 2
4 vs 4 Forward
Center Wing Time % Phy DF OF
1 Taylor Beck Daultan Leveillé 60 1 2 2
2 Brandon Saad J.T. Brown 40 1 2 2
4 vs 4 Defense
Defense Defense Time % Phy DF OF
1 Juuso Riikola Taylor Aronson 60 1 2 2
2 Tommy Vannelli Michael Prapavessis 40 1 2 2
Last Minutes Offensive
Center Left Wing Right Wing Defense Defense
Daultan Leveillé Taylor Beck J.T. Brown Juuso Riikola Taylor Aronson
Last Minutes Defensive
Center Left Wing Right Wing Defense Defense
Daultan Leveillé Taylor Beck J.T. Brown Juuso Riikola Taylor Aronson
Goaltenders
Starting : Brandon Halverson
Backup : Thatcher Demko
Extra Forwards
Normal : Colton Gillies, Alex Hutchings, Tyler Graovac - PP : Colton Gillies, Alex Hutchings - PK : Tyler Graovac
Extra Defensemen
Normal : Aaron Haydon, Michael Prapavessis, Juuso Riikola - PP : Aaron Haydon - PK : Michael Prapavessis, Juuso Riikola
Penalty Shots
Taylor Beck, Daultan Leveillé, Brandon Saad, J.T. Brown, Phil McRae
Scratches
Jake Paterson (Healthy)
River Frogs
5 vs 5 Forward
Center Left Wing Right Wing Time % Phy DF OF
1 Christian Hanson Emerson Etem Bobby Farnham 40 1 2 2
2 Dominik Simon Matt Calvert Mitch Marner 30 1 2 2
3 Jared Knight Justin Florek Richard Nejezchleb 20 1 2 2
4 Ryan Fitzgerald Austin Watson Emerson Etem 10 1 2 2
5 vs 5 Defense
Defense Defense Time % Phy DF OF
1 Nikita Zadorov Shea Theodore 40 1 2 2
2 Aaron Ness David Kolomatis 30 1 2 2
3 Dillon Heatherington Matt Grzelcyk 20 1 2 2
4 Nikita Zadorov Shea Theodore 10 1 2 2
PowerPlay Forward
Center Left Wing Right Wing Time % Phy DF OF
1 Christian Hanson Emerson Etem Bobby Farnham 60 1 2 2
2 Dominik Simon Matt Calvert Mitch Marner 40 1 2 2
PowerPlay Defense
Defense Defense Time % Phy DF OF
1 Nikita Zadorov Shea Theodore 60 1 2 2
2 Aaron Ness David Kolomatis 40 1 2 2
Penalty Kill 4 Players Forward
Center Wing Time % Phy DF OF
1 Emerson Etem Christian Hanson 60 1 2 2
2 Matt Calvert Justin Florek 40 1 2 2
Penalty Kill 4 Players Defense
Defense Defense Time % Phy DF OF
1 Nikita Zadorov Shea Theodore 60 1 2 2
2 Aaron Ness David Kolomatis 40 1 2 2
Penalty Kill - 3 Players Forward
Forward Time % Phy DF OF
1 Emerson Etem 60 1 2 2
2 Christian Hanson 40 1 2 2
Penalty Kill - 3 Players Defense
Defense Defense Time % Phy DF OF
1 Nikita Zadorov Shea Theodore 60 1 2 2
2 Aaron Ness David Kolomatis 40 1 2 2
4 vs 4 Forward
Center Wing Time % Phy DF OF
1 Emerson Etem Christian Hanson 60 1 2 2
2 Matt Calvert Justin Florek 40 1 2 2
4 vs 4 Defense
Defense Defense Time % Phy DF OF
1 Nikita Zadorov Shea Theodore 60 1 2 2
2 Aaron Ness David Kolomatis 40 1 2 2
Last Minutes Offensive
Center Left Wing Right Wing Defense Defense
Christian Hanson Emerson Etem Bobby Farnham Nikita Zadorov Shea Theodore
Last Minutes Defensive
Center Left Wing Right Wing Defense Defense
Christian Hanson Emerson Etem Bobby Farnham Nikita Zadorov Shea Theodore
Goaltenders
Starting : Thomas Greiss
Backup : Eric Comrie
Extra Forwards
Normal : Joakim Nordstrom, Maxim Mamin, Francis Perron - PP : Joakim Nordstrom, Maxim Mamin - PK : Francis Perron
Extra Defensemen
Normal : Dillon Heatherington, Matt Grzelcyk, Aaron Ness - PP : Dillon Heatherington - PK : Matt Grzelcyk, Aaron Ness
Penalty Shots
Emerson Etem, Christian Hanson, Matt Calvert, Justin Florek, Dominik Simon
Scratches
Andrew Gordon (Healthy), Morgan Rielly (Healthy), Cameron Hughes (Healthy), Timothy Kunes (Healthy), Ondrej Kase (Sprained Right Finger Injury)
Phoenix Copley (Healthy)
% Time on Ice - Demolitions
Lines # - Real PCT - Wanted PCT - Time Play
Normal Forward
1 - 40% - 40% - 21:28
2 - 26% - 30% - 14:04
3 - 21% - 20% - 11:26
4 - 13% - 10% - 7:05
Normal Defense
1 - 30% - 40% - 16:27
2 - 40% - 30% - 21:52
3 - 8% - 20% - 4:30
4 - 21% - 10% - 11:14
PP Forward
1 - 62% - 60% - 1:14
2 - 38% - 40% - 0:45
PP Defense
1 - 67% - 60% - 1:20
2 - 33% - 40% - 0:39
PK Forward
1 - 76% - 60% - 3:01
2 - 24% - 40% - 0:57
PK Defense
1 - 68% - 60% - 2:43
2 - 32% - 40% - 1:15
PK3 Forward
1 - 0% - 60%
2 - 0% - 40%
PK3 Defense
1 - 0% - 60%
2 - 0% - 40%
44 Forward
1 - 0% - 60%
2 - 0% - 40%
44 Defense
1 - 0% - 60%
2 - 0% - 40%
Last Minute Offensive - 0:00
Last Minute Defensive - 0:00
Total
Forward - 60:00
Defense - 60:00
|
% Time on Ice - River Frogs
Lines # - Real PCT - Wanted PCT - Time Play
Normal Forward
1 - 39% - 40% - 21:02
2 - 28% - 30% - 15:14
3 - 22% - 20% - 11:48
4 - 11% - 10% - 5:59
Normal Defense
1 - 33% - 40% - 18:04
2 - 31% - 30% - 16:51
3 - 23% - 20% - 12:35
4 - 12% - 10% - 6:33
PP Forward
1 - 51% - 60% - 2:02
2 - 49% - 40% - 1:56
PP Defense
1 - 53% - 60% - 2:05
2 - 47% - 40% - 1:53
PK Forward
1 - 86% - 60% - 1:42
2 - 14% - 40% - 0:17
PK Defense
1 - 68% - 60% - 1:21
2 - 32% - 40% - 0:38
PK3 Forward
1 - 0% - 60%
2 - 0% - 40%
PK3 Defense
1 - 0% - 60%
2 - 0% - 40%
44 Forward
1 - 0% - 60%
2 - 0% - 40%
44 Defense
1 - 0% - 60%
2 - 0% - 40%
Last Minute Offensive - 0:00
Last Minute Defensive - 0:00
Total
Forward - 60:00
Defense - 60:00
|
Play-by-Play
1st period
0:01 of 1st period - Daultan Leveillé wins face-off versus Christian Hanson in neutral zone.
0:08 of 1st period - Snap shot by Emerson Etem.
0:08 of 1st period - Shot Misses the Net.
0:30 of 1st period - Slapshot by Joshua Leivo.
0:30 of 1st period - Shot Blocked by Nikita Zadorov.
0:32 of 1st period - Snap shot by Jared Staal.
0:32 of 1st period - Stopped by Thomas Greiss with a rebound.
0:51 of 1st period - Slapshot by Shea Theodore.
0:51 of 1st period - Goal by Shea Theodore - Demolitions : 0 - River Frogs : 1.
0:52 of 1st period - Phil McRae wins face-off versus Dominik Simon in neutral zone.
1:19 of 1st period - David Kolomatis is hit by Taylor Beck and loses puck.
1:30 of 1st period - Wrist shot by J.T. Brown.
1:30 of 1st period - Stopped by Thomas Greiss with a rebound.
1:44 of 1st period - Emerson Etem is hit by Christoph Bertschy and loses puck.
3:34 of 1st period - Shea Theodore is hit by Brandon Saad and loses puck.
3:47 of 1st period - Taylor Beck is hit by Ryan Fitzgerald and loses puck.
4:00 of 1st period - Dillon Heatherington is hit by Christoph Bertschy and loses puck.
4:11 of 1st period - Snap shot by Michael Ferland.
4:11 of 1st period - Stopped by Thomas Greiss with a rebound.
4:21 of 1st period - Dillon Heatherington is hit by Joshua Leivo and loses puck.
4:51 of 1st period - Off-side.
4:52 of 1st period - Dominik Simon wins face-off versus Daultan Leveillé in neutral zone.
4:59 of 1st period - Wrist shot by Matt Calvert.
4:59 of 1st period - Stopped by Brandon Halverson without a rebound.
5:00 of 1st period - Daultan Leveillé wins face-off versus Dominik Simon in Demolitions zone.
5:13 of 1st period - Nikita Zadorov is hit by Daultan Leveillé and loses puck.
5:28 of 1st period - Wrist shot by Dominik Simon.
5:28 of 1st period - Shot Misses the Net.
5:40 of 1st period - Snap shot by Mitch Marner.
5:40 of 1st period - Deflect By Matt Calvert.
5:40 of 1st period - Shot Blocked by Juuso Riikola.
5:40 of 1st period - Puck is out of play.
5:41 of 1st period - Christian Hanson wins face-off versus Daultan Leveillé in Demolitions zone.
6:18 of 1st period - Snap shot by Joshua Leivo.
6:18 of 1st period - Deflect By Andrej Nestrasil.
6:18 of 1st period - Shot Misses the Net.
6:18 of 1st period - Puck is out of play.
6:19 of 1st period - Dominik Simon wins face-off versus Phil McRae in River Frogs zone.
6:27 of 1st period - Snap shot by Brandon Saad.
6:27 of 1st period - Stopped by Thomas Greiss with a rebound.
6:29 of 1st period - Wrist shot by Juuso Riikola.
6:29 of 1st period - Stopped by Thomas Greiss with a rebound.
6:31 of 1st period - Slapshot by Joel Vermin.
6:31 of 1st period - Shot Misses the Net.
6:50 of 1st period - Off-side.
6:51 of 1st period - Daultan Leveillé wins face-off versus Christian Hanson in neutral zone.
7:04 of 1st period - Slapshot by Daultan Leveillé.
7:04 of 1st period - Stopped by Thomas Greiss with a rebound.
7:22 of 1st period - Off-side.
7:23 of 1st period - Phil McRae wins face-off versus Jared Knight in neutral zone.
7:51 of 1st period - Backhand shot by Brandon Saad.
7:51 of 1st period - Deflect By Jared Knight.
7:51 of 1st period - Shot Misses the Net.
7:51 of 1st period - Puck is out of play.
7:52 of 1st period - Daultan Leveillé wins face-off versus Christian Hanson in River Frogs zone.
8:50 of 1st period - Snap shot by Emerson Etem.
8:50 of 1st period - Shot Blocked by Andrej Nestrasil.
9:10 of 1st period - Slapshot by Brandon Saad.
9:10 of 1st period - Stopped by Thomas Greiss without a rebound.
9:11 of 1st period - Daultan Leveillé wins face-off versus Dominik Simon in River Frogs zone.
9:18 of 1st period - Wrist shot by Taylor Beck.
9:18 of 1st period - Stopped by Thomas Greiss without a rebound.
9:19 of 1st period - Dominik Simon wins face-off versus Daultan Leveillé in River Frogs zone.
9:26 of 1st period - Taylor Aronson is hit by Dillon Heatherington and loses puck.
9:41 of 1st period - Slapshot by Mitch Marner.
9:41 of 1st period - Stopped by Brandon Halverson without a rebound.
9:42 of 1st period - Phil McRae wins face-off versus Bobby Farnham in Demolitions zone.
9:42 of 1st period - Phil McRae is hit by Christian Hanson.
9:48 of 1st period - Taylor Aronson is hit by Shea Theodore and loses puck.
9:54 of 1st period - Icing by Nikita Zadorov.
9:55 of 1st period - Daultan Leveillé wins face-off versus Christian Hanson in River Frogs zone.
9:58 of 1st period - Wrist shot by Daultan Leveillé.
9:58 of 1st period - Stopped by Thomas Greiss with a rebound.
10:04 of 1st period - Taylor Beck is hit by Bobby Farnham.
10:20 of 1st period - Wrist shot by Christian Hanson.
10:20 of 1st period - Deflect By Christoph Bertschy.
10:20 of 1st period - Stopped by Brandon Halverson with a rebound.
10:22 of 1st period - Slapshot by Shea Theodore.
10:22 of 1st period - Stopped by Brandon Halverson with a rebound.
10:24 of 1st period - Snap shot by Nikita Zadorov.
10:24 of 1st period - Stopped by Brandon Halverson without a rebound.
10:25 of 1st period - Dominik Simon wins face-off versus Phil McRae in Demolitions zone.
10:58 of 1st period - Snap shot by Justin Florek.
10:58 of 1st period - Stopped by Brandon Halverson with a rebound.
11:16 of 1st period - Wrist shot by Emerson Etem.
11:16 of 1st period - Stopped by Brandon Halverson without a rebound.
11:17 of 1st period - Jared Staal wins face-off versus Emerson Etem in Demolitions zone.
11:28 of 1st period - Snap shot by Andrej Nestrasil.
11:28 of 1st period - Stopped by Thomas Greiss with a rebound.
11:30 of 1st period - Snap shot by Tommy Vannelli.
11:30 of 1st period - Shot Misses the Net.
11:32 of 1st period - Wrist shot by Tommy Vannelli.
11:32 of 1st period - Shot Misses the Net.
12:01 of 1st period - Minor Penalty to Juuso Riikola for Tripping.
12:02 of 1st period - Taylor Beck wins face-off versus Christian Hanson in Demolitions zone.
12:10 of 1st period - Emerson Etem is hit by Taylor Beck.
12:18 of 1st period - Snap shot by Taylor Beck.
12:18 of 1st period - Stopped by Thomas Greiss without a rebound.
12:19 of 1st period - Taylor Beck wins face-off versus Dominik Simon in River Frogs zone.
12:20 of 1st period - Wrist shot by Daultan Leveillé.
12:20 of 1st period - Shot Misses the Net.
13:15 of 1st period - Tyler Graovac is hit by Aaron Ness and loses puck.
14:01 of 1st period - Penalty to Juuso Riikola is over, Juuso Riikola is back on ice.
14:06 of 1st period - Tommy Vannelli is hit by David Kolomatis and loses puck.
14:07 of 1st period - Tommy Vannelli from Demolitions is injured at 14:07 of 1st period (Right Hand).
14:08 of 1st period - Christian Hanson wins face-off versus Daultan Leveillé in Demolitions zone.
14:35 of 1st period - Slapshot by Phil McRae.
14:35 of 1st period - Stopped by Thomas Greiss with a rebound.
14:37 of 1st period - Slapshot by Brandon Saad.
14:37 of 1st period - Stopped by Thomas Greiss with a rebound.
14:39 of 1st period - Wrist shot by Brandon Saad.
14:39 of 1st period - Deflect By Phil McRae.
14:39 of 1st period - Shot Misses the Net.
14:39 of 1st period - Puck is out of play.
14:40 of 1st period - Daultan Leveillé wins face-off versus Christian Hanson in River Frogs zone.
15:20 of 1st period - Matt Grzelcyk is hit by Aaron Haydon and loses puck.
15:49 of 1st period - Slapshot by Juuso Riikola.
15:49 of 1st period - Shot Blocked by Dillon Heatherington.
15:59 of 1st period - Mitch Marner is hit by Mitch Callahan and loses puck.
16:16 of 1st period - Wrist shot by Mitch Marner.
16:16 of 1st period - Shot Misses the Net.
16:38 of 1st period - Justin Florek is hit by Daultan Leveillé and loses puck.
16:51 of 1st period - Snap shot by Phil McRae.
16:51 of 1st period - Shot Misses the Net.
16:53 of 1st period - Wrist shot by Brandon Saad.
16:53 of 1st period - Stopped by Thomas Greiss without a rebound.
16:54 of 1st period - Ryan Fitzgerald wins face-off versus Phil McRae in River Frogs zone.
17:42 of 1st period - Backhand shot by Daultan Leveillé.
17:42 of 1st period - Stopped by Thomas Greiss with a rebound.
17:47 of 1st period - Icing by Jared Knight.
17:48 of 1st period - Justin Florek wins face-off versus Phil McRae in River Frogs zone.
18:48 of 1st period - Snap shot by Phil McRae.
18:48 of 1st period - Stopped by Thomas Greiss with a rebound.
18:50 of 1st period - Snap shot by Brandon Saad.
18:50 of 1st period - Stopped by Thomas Greiss with a rebound.
19:04 of 1st period - Mitch Callahan is hit by Mitch Marner and loses puck.
19:40 of 1st period - J.T. Brown is hit by Christian Hanson and loses puck.
Goals for this period are 0 for Demolitions vs 1 for River Frogs.
Shots for this period are 17 for Demolitions vs 8 for River Frogs.
2nd period
0:01 of 2nd period - Daultan Leveillé wins face-off versus Christian Hanson in neutral zone.
0:42 of 2nd period - Jared Staal is hit by Bobby Farnham and loses puck.
0:57 of 2nd period - Slapshot by Taylor Aronson.
0:57 of 2nd period - Stopped by Thomas Greiss without a rebound.
0:58 of 2nd period - Dominik Simon wins face-off versus Daultan Leveillé in River Frogs zone.
0:58 of 2nd period - Dominik Simon is hit by J.T. Brown.
1:08 of 2nd period - Snap shot by J.T. Brown.
1:08 of 2nd period - Goal by J.T. Brown - Demolitions : 1 - River Frogs : 1.
1:09 of 2nd period - Daultan Leveillé wins face-off versus Dominik Simon in neutral zone.
1:35 of 2nd period - Daultan Leveillé is hit by Shea Theodore and loses puck.
1:48 of 2nd period - Wrist shot by Aaron Ness.
1:48 of 2nd period - Shot Blocked by Taylor Beck.
2:01 of 2nd period - Off-side.
2:02 of 2nd period - Christian Hanson wins face-off versus Brandon Saad in neutral zone.
2:29 of 2nd period - Bobby Farnham is hit by Brandon Saad and loses puck.
3:09 of 2nd period - Snap shot by Christian Hanson.
3:09 of 2nd period - Deflect By Emerson Etem.
3:09 of 2nd period - Stopped by Brandon Halverson with a rebound.
3:11 of 2nd period - Wrist shot by Emerson Etem.
3:11 of 2nd period - Stopped by Brandon Halverson without a rebound.
3:12 of 2nd period - Daultan Leveillé wins face-off versus Dominik Simon in Demolitions zone.
3:12 of 2nd period - Daultan Leveillé is hit by Dillon Heatherington.
4:03 of 2nd period - Juuso Riikola is hit by Mitch Marner and loses puck.
4:30 of 2nd period - Off-side.
4:31 of 2nd period - Ryan Fitzgerald wins face-off versus Andrej Nestrasil in neutral zone.
4:58 of 2nd period - Taylor Beck is hit by Matt Calvert and loses puck.
5:19 of 2nd period - Slapshot by Shea Theodore.
5:19 of 2nd period - Shot Misses the Net.
5:21 of 2nd period - Wrist shot by Richard Nejezchleb.
5:21 of 2nd period - Stopped by Brandon Halverson with a rebound.
5:23 of 2nd period - Slapshot by Shea Theodore.
5:23 of 2nd period - Stopped by Brandon Halverson with a rebound.
5:25 of 2nd period - Backhand shot by Justin Florek.
5:25 of 2nd period - Shot Blocked by Christoph Bertschy.
5:27 of 2nd period - Snap shot by Nikita Zadorov.
5:27 of 2nd period - Shot Misses the Net.
5:59 of 2nd period - Slapshot by Joshua Leivo.
5:59 of 2nd period - Shot Misses the Net.
6:01 of 2nd period - Slapshot by Taylor Aronson.
6:01 of 2nd period - Stopped by Thomas Greiss with a rebound.
6:03 of 2nd period - Snap shot by Jared Staal.
6:03 of 2nd period - Stopped by Thomas Greiss with a rebound.
6:21 of 2nd period - J.T. Brown is hit by Jared Knight.
6:54 of 2nd period - Juuso Riikola is hit by Emerson Etem.
7:10 of 2nd period - Dominik Simon is hit by Daultan Leveillé and loses puck.
7:25 of 2nd period - Joel Vermin is hit by Aaron Ness and loses puck.
7:45 of 2nd period - Ryan Fitzgerald is hit by Michael Prapavessis and loses puck.
8:08 of 2nd period - Christoph Bertschy is hit by Mitch Marner and loses puck.
8:19 of 2nd period - Michael Prapavessis is hit by Aaron Ness and loses puck.
8:28 of 2nd period - Richard Nejezchleb is hit by Phil McRae and loses puck.
9:00 of 2nd period - Matt Calvert is hit by Taylor Aronson and loses puck.
9:28 of 2nd period - Emerson Etem is hit by Michael Ferland.
9:57 of 2nd period - Snap shot by Christian Hanson.
9:57 of 2nd period - Stopped by Brandon Halverson with a rebound.
9:59 of 2nd period - Wrist shot by Matt Grzelcyk.
9:59 of 2nd period - Shot Misses the Net.
10:01 of 2nd period - Snap shot by Christian Hanson.
10:01 of 2nd period - Shot Misses the Net.
10:03 of 2nd period - Slapshot by Matt Grzelcyk.
10:03 of 2nd period - Shot Misses the Net.
10:15 of 2nd period - Wrist shot by Dominik Simon.
10:15 of 2nd period - Deflect By Matt Calvert.
10:15 of 2nd period - Shot Misses the Net.
10:15 of 2nd period - Puck is out of play.
10:16 of 2nd period - Daultan Leveillé wins face-off versus Dominik Simon in Demolitions zone.
10:25 of 2nd period - Aaron Ness is hit by J.T. Brown and loses puck.
11:05 of 2nd period - Snap shot by Joshua Leivo.
11:05 of 2nd period - Deflect By Bobby Farnham.
11:05 of 2nd period - Shot Blocked by Dillon Heatherington.
11:05 of 2nd period - Puck is out of play.
11:06 of 2nd period - Andrej Nestrasil wins face-off versus Christian Hanson in River Frogs zone.
11:32 of 2nd period - Christian Hanson is hit by Jared Staal.
11:49 of 2nd period - Wrist shot by Christian Hanson.
11:49 of 2nd period - Deflect By Bobby Farnham.
11:49 of 2nd period - Stopped by Brandon Halverson with a rebound.
11:51 of 2nd period - Slapshot by David Kolomatis.
11:51 of 2nd period - Stopped by Brandon Halverson with a rebound.
11:53 of 2nd period - Wrist shot by Bobby Farnham.
11:53 of 2nd period - Stopped by Brandon Halverson without a rebound.
11:54 of 2nd period - Daultan Leveillé wins face-off versus Dominik Simon in Demolitions zone.
12:11 of 2nd period - Wrist shot by Dominik Simon.
12:11 of 2nd period - Shot Misses the Net.
12:21 of 2nd period - Nikita Zadorov is hit by Brandon Saad and loses puck.
12:44 of 2nd period - Emerson Etem is hit by Michael Ferland and loses puck.
12:55 of 2nd period - Minor Penalty to Michael Ferland for Holding.
12:56 of 2nd period - Dominik Simon wins face-off versus Taylor Beck in Demolitions zone.
13:23 of 2nd period - Juuso Riikola is hit by Bobby Farnham and loses puck.
13:30 of 2nd period - Wrist shot by Christian Hanson.
13:30 of 2nd period - Shot Misses the Net.
14:22 of 2nd period - Nikita Zadorov is hit by Michael Prapavessis and loses puck.
14:55 of 2nd period - Penalty to Michael Ferland is over, Michael Ferland is back on ice.
15:51 of 2nd period - Snap shot by Daultan Leveillé.
15:51 of 2nd period - Stopped by Thomas Greiss without a rebound.
15:52 of 2nd period - Dominik Simon wins face-off versus Phil McRae in River Frogs zone.
15:58 of 2nd period - Snap shot by Joel Vermin.
15:58 of 2nd period - Stopped by Thomas Greiss without a rebound.
15:59 of 2nd period - Dominik Simon wins face-off versus Phil McRae in River Frogs zone.
15:59 of 2nd period - Dominik Simon is hit by Aaron Haydon.
16:28 of 2nd period - Snap shot by Joel Vermin.
16:28 of 2nd period - Shot Blocked by David Kolomatis.
16:30 of 2nd period - Snap shot by Phil McRae.
16:30 of 2nd period - Stopped by Thomas Greiss without a rebound.
16:31 of 2nd period - Andrej Nestrasil wins face-off versus Christian Hanson in River Frogs zone.
16:58 of 2nd period - Dillon Heatherington is hit by Juuso Riikola and loses puck.
17:09 of 2nd period - Wrist shot by Christoph Bertschy.
17:09 of 2nd period - Stopped by Thomas Greiss with a rebound.
17:23 of 2nd period - Snap shot by Dominik Simon.
17:23 of 2nd period - Stopped by Brandon Halverson without a rebound.
17:24 of 2nd period - Dominik Simon wins face-off versus Phil McRae in Demolitions zone.
17:40 of 2nd period - Snap shot by Matt Calvert.
17:40 of 2nd period - Stopped by Brandon Halverson with a rebound.
18:09 of 2nd period - Off-side.
18:10 of 2nd period - Daultan Leveillé wins face-off versus Christian Hanson in neutral zone.
18:21 of 2nd period - Snap shot by Taylor Beck.
18:21 of 2nd period - Goal by Taylor Beck - Demolitions : 2 - River Frogs : 1.
18:22 of 2nd period - Christian Hanson wins face-off versus Daultan Leveillé in neutral zone.
18:31 of 2nd period - Slapshot by J.T. Brown.
18:31 of 2nd period - Stopped by Thomas Greiss with a rebound.
18:33 of 2nd period - Wrist shot by Taylor Beck.
18:33 of 2nd period - Shot Misses the Net.
18:35 of 2nd period - Slapshot by Juuso Riikola.
18:35 of 2nd period - Shot Misses the Net.
18:37 of 2nd period - Wrist shot by Daultan Leveillé.
18:37 of 2nd period - Stopped by Thomas Greiss with a rebound.
18:49 of 2nd period - Snap shot by Andrej Nestrasil.
18:49 of 2nd period - Shot Misses the Net.
18:51 of 2nd period - Slapshot by Michael Prapavessis.
18:51 of 2nd period - Shot Misses the Net.
18:53 of 2nd period - Wrist shot by Jared Staal.
18:53 of 2nd period - Stopped by Thomas Greiss without a rebound.
18:54 of 2nd period - Andrej Nestrasil wins face-off versus Dominik Simon in River Frogs zone.
19:09 of 2nd period - Wrist shot by Joshua Leivo.
19:09 of 2nd period - Goal by Joshua Leivo - Demolitions : 3 - River Frogs : 1.
19:10 of 2nd period - Christian Hanson wins face-off versus Daultan Leveillé in neutral zone.
19:13 of 2nd period - Slapshot by Shea Theodore.
19:13 of 2nd period - Shot Misses the Net.
19:15 of 2nd period - Slapshot by Nikita Zadorov.
19:15 of 2nd period - Stopped by Brandon Halverson with a rebound.
19:17 of 2nd period - Slapshot by Emerson Etem.
19:17 of 2nd period - Deflect By Bobby Farnham.
19:17 of 2nd period - Shot Misses the Net.
19:17 of 2nd period - Puck is out of play.
19:18 of 2nd period - Christian Hanson wins face-off versus Daultan Leveillé in Demolitions zone.
19:27 of 2nd period - Wrist shot by Taylor Beck.
19:27 of 2nd period - Shot Misses the Net.
19:29 of 2nd period - Minor Penalty to Bobby Farnham for Roughing.
19:30 of 2nd period - Daultan Leveillé wins face-off versus Emerson Etem in River Frogs zone.
Goals for this period are 3 for Demolitions vs 0 for River Frogs.
Shots for this period are 13 for Demolitions vs 11 for River Frogs.
3rd period
0:01 of 3rd period - Emerson Etem wins face-off versus Daultan Leveillé in neutral zone.
0:50 of 3rd period - J.T. Brown is hit by Justin Florek and loses puck.
1:17 of 3rd period - Taylor Beck is hit by Joakim Nordstrom and loses puck.
1:29 of 3rd period - Penalty to Bobby Farnham is over, Bobby Farnham is back on ice.
1:42 of 3rd period - Wrist shot by Dominik Simon.
1:42 of 3rd period - Shot Misses the Net.
1:44 of 3rd period - Slapshot by Matt Grzelcyk.
1:44 of 3rd period - Stopped by Brandon Halverson with a rebound.
2:04 of 3rd period - Mitch Callahan is hit by Matt Grzelcyk and loses puck.
2:35 of 3rd period - Brandon Saad is hit by Emerson Etem and loses puck.
2:48 of 3rd period - Richard Nejezchleb is hit by Michael Ferland and loses puck.
3:03 of 3rd period - Michael Prapavessis is hit by Nikita Zadorov and loses puck.
3:16 of 3rd period - Michael Prapavessis is hit by Shea Theodore and loses puck.
3:43 of 3rd period - Slapshot by Emerson Etem.
3:43 of 3rd period - Goal by Emerson Etem - Demolitions : 3 - River Frogs : 2.
3:44 of 3rd period - Christian Hanson wins face-off versus Daultan Leveillé in neutral zone.
3:47 of 3rd period - Snap shot by Christian Hanson.
3:47 of 3rd period - Stopped by Brandon Halverson with a rebound.
3:53 of 3rd period - Slapshot by Emerson Etem.
3:53 of 3rd period - Shot Blocked by Michael Prapavessis.
3:55 of 3rd period - Wrist shot by Emerson Etem.
3:55 of 3rd period - Stopped by Brandon Halverson with a rebound.
3:57 of 3rd period - Slapshot by David Kolomatis.
3:57 of 3rd period - Shot Blocked by Daultan Leveillé.
4:09 of 3rd period - Matt Calvert is hit by Brandon Saad and loses puck.
4:36 of 3rd period - Wrist shot by Justin Florek.
4:36 of 3rd period - Stopped by Brandon Halverson with a rebound.
4:38 of 3rd period - Wrist shot by Jared Knight.
4:38 of 3rd period - Shot Misses the Net.
4:40 of 3rd period - Snap shot by Richard Nejezchleb.
4:40 of 3rd period - Shot Blocked by Taylor Aronson.
4:42 of 3rd period - Wrist shot by Richard Nejezchleb.
4:42 of 3rd period - Shot Misses the Net.
4:44 of 3rd period - Slapshot by David Kolomatis.
4:44 of 3rd period - Shot Blocked by Juuso Riikola.
4:46 of 3rd period - Slapshot by David Kolomatis.
4:46 of 3rd period - Shot Misses the Net.
5:04 of 3rd period - Slapshot by Joshua Leivo.
5:04 of 3rd period - Shot Misses the Net.
5:06 of 3rd period - Slapshot by Juuso Riikola.
5:06 of 3rd period - Stopped by Thomas Greiss without a rebound.
5:07 of 3rd period - Dominik Simon wins face-off versus Daultan Leveillé in River Frogs zone.
5:07 of 3rd period - Dominik Simon is hit by Taylor Beck.
5:33 of 3rd period - Shea Theodore is hit by Phil McRae and loses puck.
5:54 of 3rd period - Emerson Etem is hit by Michael Ferland and loses puck.
6:29 of 3rd period - Snap shot by Emerson Etem.
6:29 of 3rd period - Stopped by Brandon Halverson with a rebound.
6:31 of 3rd period - Slapshot by Nikita Zadorov.
6:31 of 3rd period - Deflect By Taylor Aronson.
6:31 of 3rd period - Stopped by Brandon Halverson without a rebound.
6:32 of 3rd period - Daultan Leveillé wins face-off versus Dominik Simon in Demolitions zone.
6:32 of 3rd period - Daultan Leveillé is hit by Dominik Simon.
7:05 of 3rd period - Slapshot by Jared Knight.
7:05 of 3rd period - Stopped by Brandon Halverson with a rebound.
7:07 of 3rd period - Wrist shot by Richard Nejezchleb.
7:07 of 3rd period - Shot Misses the Net.
9:03 of 3rd period - Slapshot by J.T. Brown.
9:03 of 3rd period - Stopped by Thomas Greiss with a rebound.
9:05 of 3rd period - Slapshot by J.T. Brown.
9:05 of 3rd period - Shot Misses the Net.
9:24 of 3rd period - David Kolomatis is hit by Phil McRae and loses puck.
9:39 of 3rd period - Joshua Leivo is hit by Aaron Ness and loses puck.
10:27 of 3rd period - Mitch Marner is hit by Mitch Callahan and loses puck.
10:40 of 3rd period - Slapshot by Taylor Beck.
10:40 of 3rd period - Shot Blocked by Christian Hanson.
10:42 of 3rd period - Slapshot by Joel Vermin.
10:42 of 3rd period - Stopped by Thomas Greiss with a rebound.
10:44 of 3rd period - Snap shot by Phil McRae.
10:44 of 3rd period - Stopped by Thomas Greiss with a rebound.
11:10 of 3rd period - Snap shot by Jared Knight.
11:10 of 3rd period - Shot Misses the Net.
11:41 of 3rd period - Shea Theodore is hit by Mitch Callahan and loses puck.
11:54 of 3rd period - Aaron Ness is hit by Andrej Nestrasil.
12:02 of 3rd period - Aaron Ness is hit by Phil McRae and loses puck.
12:20 of 3rd period - Mitch Marner is hit by Aaron Haydon.
12:58 of 3rd period - Bobby Farnham is hit by Joel Vermin and loses puck.
13:07 of 3rd period - Bobby Farnham is hit by Joel Vermin and loses puck.
13:38 of 3rd period - Snap shot by Matt Calvert.
13:38 of 3rd period - Deflect By Mitch Marner.
13:38 of 3rd period - Shot Misses the Net.
13:38 of 3rd period - Puck is out of play.
13:39 of 3rd period - Phil McRae wins face-off versus Dominik Simon in Demolitions zone.
13:56 of 3rd period - Wrist shot by Matt Calvert.
13:56 of 3rd period - Shot Misses the Net.
14:12 of 3rd period - Snap shot by Justin Florek.
14:12 of 3rd period - Goal by Justin Florek - Demolitions : 3 - River Frogs : 3.
14:13 of 3rd period - Daultan Leveillé wins face-off versus Christian Hanson in neutral zone.
14:20 of 3rd period - Slapshot by Daultan Leveillé.
14:20 of 3rd period - Stopped by Thomas Greiss with a rebound.
14:22 of 3rd period - Snap shot by Taylor Beck.
14:22 of 3rd period - Deflect By Daultan Leveillé.
14:22 of 3rd period - Goal by Daultan Leveillé - Demolitions : 4 - River Frogs : 3.
14:23 of 3rd period - Christian Hanson wins face-off versus Daultan Leveillé in neutral zone.
14:26 of 3rd period - Slapshot by Bobby Farnham.
14:26 of 3rd period - Stopped by Brandon Halverson without a rebound.
14:27 of 3rd period - Daultan Leveillé wins face-off versus Christian Hanson in Demolitions zone.
14:27 of 3rd period - Daultan Leveillé is hit by Shea Theodore.
14:47 of 3rd period - Shea Theodore is hit by J.T. Brown and loses puck.
16:28 of 3rd period - Shea Theodore is hit by Taylor Aronson and loses puck.
16:59 of 3rd period - Snap shot by Emerson Etem.
16:59 of 3rd period - Stopped by Brandon Halverson with a rebound.
17:35 of 3rd period - Slapshot by Nikita Zadorov.
17:35 of 3rd period - Shot Misses the Net.
17:57 of 3rd period - Juuso Riikola is hit by Nikita Zadorov and loses puck.
18:52 of 3rd period - River Frogs, Thomas Greiss is pulled from the net.
19:16 of 3rd period - Wrist shot by Daultan Leveillé.
19:16 of 3rd period - Goal by Daultan Leveillé - Demolitions : 5 - River Frogs : 3.
19:16 of 3rd period - Thomas Greiss from River Frogs was sent back in the game.
19:17 of 3rd period - Colton Gillies wins face-off versus Joakim Nordstrom in neutral zone.
19:28 of 3rd period - Wrist shot by Alex Hutchings.
19:28 of 3rd period - Stopped by Thomas Greiss with a rebound.
19:30 of 3rd period - Wrist shot by Alex Hutchings.
19:30 of 3rd period - Deflect By Aaron Ness.
19:30 of 3rd period - Stopped by Thomas Greiss with a rebound.
19:32 of 3rd period - Snap shot by Alex Hutchings.
19:32 of 3rd period - Stopped by Thomas Greiss with a rebound.
19:42 of 3rd period - Snap shot by Christoph Bertschy.
19:42 of 3rd period - Stopped by Thomas Greiss with a rebound.
Goals for this period are 2 for Demolitions vs 2 for River Frogs.
Shots for this period are 11 for Demolitions vs 11 for River Frogs.